Map: Golden Wall LE

Players

BlyOnFire (Bly) - Winner!

  • Race: Zerg Zerg
  • League: Grandmaster
  • Spawn Location: 7:00

Kas

  • Race: Terran Terran
  • League: Master
  • Spawn Location: 5:00

Event: DreamHack SC2 Masters 2020 Summer Europe

VOD

Have the link to the VOD?

Description

Time

  • Played on: June 26, 2020, 12:41 p.m.
  • Length: 18:13

All games in this series

Show
View Real Time Build Order
Export as new Build Order

BlyOnFire Zerg - Winner!

Build Orders: Hatch First 

Get SALT Encoding   

  12  0:01  Drone  
  13  0:15  Overlord  
  13  0:18  Drone  
  14  0:33  Drone x2  
  16  0:48  Hatchery  
  15  0:54  Drone  
  15  0:55  Drone  
  17  0:59  Drone  
  18  1:09  Extractor  
  17  1:15  Spawning Pool  
  17  1:18  Drone  
  17  1:21  Drone  
  18  1:30  Drone  
  19  1:41  Drone  
  20  1:52  Overlord  
  20  2:01  Queen  
  20  2:02  Queen  
  20  2:03  Zergling x4  
  26  2:11  Drone  
  27  2:16  Drone  
  27  2:21  Drone  
  29  2:32  Roach Warren  
  27  2:44  Overlord, Drone x2  
  29  2:46  Queen  
  31  2:57  Overlord  
  31  3:14  Roach x6  
  43  3:29  Overlord  
  43  3:32  Drone x5  
  48  3:39  Lair  
  48  3:42  Overlord  
  48  3:51  Drone x4  
  52  4:02  Drone x2  
  54  4:09  Extractor  
  52  4:14  Ravager  
  50  4:18  Ravager  
  50  4:21  Drone x7  
  56  4:29  Drone x2  
  55  4:35  Drone x3  
  55  4:38  Extractor  
  55  4:39  Extractor  
  50  4:47  Roach x5  
  60  4:55  Roach x3  
  66  5:02  Glial Reconstitution  
  66  5:06  Spore Crawler  
  66  5:07  Overlord  
  65  5:09  Hatchery  
  64  5:16  Overlord  
  64  5:18  Overlord  
  64  5:22  Overlord  
  64  5:23  Overlord, Evolution Chamber  
  63  5:33  Pneumatized Carapace  
  63  5:34  Overlord  
  61  5:37  Drone x4  
  61  5:40  Evolution Chamber  
  64  5:49  Drone x4  
  53  5:58  Overlord  
  53  6:03  Drone  
  48  6:14  Drone x3  
  48  6:15  Drone  
  48  6:23  Zerg Ground Armor Level 1  
  48  6:31  Drone x3  
  51  6:42  Overlord, Ravager  
  51  6:45  Zerg Missile Weapons Level 1, Drone x3  
  51  6:46  Drone x2  
  57  6:58  Drone x2  
  52  7:02  Drone x2  
  52  7:03  Drone x2  
  56  7:09  Roach x5  
  56  7:12  Queen  
  68  7:17  Roach x2  
  68  7:19  Roach  
  74  7:24  Roach x2  
  74  7:26  Roach  
  80  7:35  Roach x4  
  88  7:39  Overlord  
  88  7:40  Overlord  
  89  7:44  Ravager x4  
  92  7:53  Overlord x2  
  92  7:56  Drone  
  93  8:00  Overlord  
  93  8:03  Drone x8  
  101  8:12  Roach x3  
  107  8:14  Baneling Nest  
  107  8:17  Queen  
  107  8:18  Extractor x2  
  106  8:22  Roach x2  
  110  8:28  Roach x3  
  110  8:30  Drone  
  110  8:31  Drone x2  
  119  8:35  Drone x3  
  122  8:51  Hatchery  
  121  8:58  Centrifical Hooks  
  121  8:59  Zerg Melee Weapons Level 1, Zerg Ground Armor Level 2  
  121  9:00  Zergling x10  
  126  9:08  Overlord  
  126  9:09  Overlord  
  126  9:16  Overlord, Drone x4  
  127  9:27  Zergling x18  
  127  9:28  Metabolic Boost  
  134  9:39  Overlord  
  134  9:44  Burrow  
  130  9:57  Zergling x12  
  130  9:58  Zergling x10  
  139  10:00  Baneling x11  
  137  10:13  Ravager x6  
  142  10:20  Zergling x2  
  142  10:21  Zergling x20, Spire  
  150  10:31  Zergling x14  
  150  10:33  Baneling x3  
  157  10:36  Hatchery  
  157  10:38  Overlord  
  156  10:49  Overlord  
  156  10:57  Zerg Melee Weapons Level 2  
  156  11:10  Zergling x38  
  172  11:17  Queen  
  167  11:36  Baneling x5  
  167  11:41  Mutalisk x5  
  167  11:44  Hatchery  
  176  11:49  Drone x5  
  176  11:50  Drone  
  182  12:00  Drone x7  
  189  12:09  Baneling x2  
  189  12:12  Mutalisk x4  
  197  12:27  Mutalisk  
  199  12:37  Zerg Flyer Weapons Level 1  
  199  12:39  Overlord  
  199  12:41  Infestation Pit  
  188  12:54  Baneling x10  
  187  12:58  Mutalisk x6  
  187  13:01  Baneling x8  
  197  13:10  Baneling  
  197  13:11  Baneling  
  197  13:18  Hive  
  197  13:19  Zerg Missile Weapons Level 2  
  194  13:29  Zergling x2  
  194  13:30  Zergling x14, Overseer  
  183  14:10  Zergling x30  
  183  14:15  Baneling x12  
  191  14:41  Drone x10  
  193  14:46  Zerg Ground Armor Level 3  
  193  14:47  Mutalisk x4  
  193  14:52  Ultralisk Cavern  
  194  15:06  Mutalisk x5  
  199  15:11  Overlord  
  196  15:21  Zergling x4  
  196  15:22  Zergling x4  
  199  15:30  Hatchery  
  199  15:32  Zergling x2  
  199  15:33  Overlord  
  181  15:44  Zergling x22  
  169  15:55  Zergling x8  
  163  15:57  Chitinous Plating  
  163  16:00  Hatchery  
  153  16:05  Ultralisk  
  153  16:06  Spawning Pool  
  153  16:07  Ultralisk x3  
  153  16:10  Overseer x2  
  161  16:34  Ultralisk x3  
  177  16:56  Zergling x16  
  177  16:57  Zergling x12  
  187  17:14  Zergling x16  
  195  17:16  Anabolic Synthesis  
  195  17:22  Baneling x9  
  195  17:23  Baneling x5  
  195  17:28  Baneling  
  194  17:30  Zergling x12  
  200  17:38  Drone  
  196  17:50  Zergling x2  
  196  17:51  Zergling x14  
Show
View Real Time Build Order
Export as new Build Order

Kas Terran 

Build Orders: Liberator Opening, Reaper Expand 

Get SALT Encoding   

  12  0:00  SCV  
  13  0:13  SCV  
  14  0:17  Supply Depot  
  14  0:25  SCV  
  15  0:38  SCV  
  15  0:40  Barracks  
  16  0:45  Refinery  
  16  0:50  SCV  
  17  1:03  SCV  
  18  1:15  SCV  
  19  1:27  Orbital Command  
  19  1:28  Reaper  
  20  1:41  Command Center  
  20  1:52  Supply Depot  
  20  1:53  SCV  
  21  2:00  Marine  
  22  2:05  SCV  
  23  2:12  Factory  
  23  2:18  SCV, Refinery  
  23  2:22  Barracks Reactor  
  24  2:36  SCV  
  25  2:48  SCV  
  26  2:52  Orbital Command  
  26  2:58  Starport  
  26  3:01  SCV  
  26  3:03  Hellion x2  
  31  3:11  Marine  
  32  3:16  SCV  
  32  3:19  SCV, Supply Depot  
  34  3:26  Hellion  
  34  3:27  Hellion  
  38  3:28  SCV  
  38  3:31  SCV  
  40  3:37  Liberator  
  40  3:40  SCV  
  44  3:43  Supply Depot  
  44  3:44  SCV  
  45  3:51  Hellion x2  
  45  3:53  SCV  
  50  3:57  SCV  
  51  4:15  Hellion x2  
  53  4:22  Liberator  
  51  4:27  Marine  
  48  4:31  SCV  
  47  4:40  Hellion x2  
  47  4:43  SCV  
  52  4:47  Command Center  
  52  4:49  SCV  
  52  4:52  Supply Depot  
  53  4:56  SCV  
  54  5:01  SCV  
  55  5:08  SCV, Barracks Tech Lab  
  55  5:10  Barracks x2  
  55  5:11  Factory Tech Lab  
  56  5:18  Bunker  
  54  5:21  SCV  
  54  5:27  SCV  
  56  5:29  Siege Tank  
  56  5:30  Starport Reactor, Stimpack  
  56  5:32  Marine  
  56  5:34  SCV  
  58  5:37  Engineering Bay  
  58  5:38  Engineering Bay  
  54  5:50  Marauder  
  54  5:51  SCV  
  54  5:55  SCV  
  53  6:00  Marine  
  53  6:01  Marine  
  53  6:06  Orbital Command  
  43  6:15  SCV x2  
  43  6:18  Terran Infantry Weapons Level 1, Terran Infantry Armor Level 1  
  41  6:24  Marauder, Marine x2  
  41  6:25  Barracks Reactor  
  44  6:27  Medivac  
  44  6:28  Medivac  
  48  6:41  Marine x2  
  48  6:45  Marine  
  50  6:58  SCV x2  
  50  6:59  SCV, Marine x2  
  52  7:02  Marine x2  
  52  7:03  Marine  
  55  7:10  SCV x2  
  55  7:11  Siege Tank  
  55  7:12  SCV  
  61  7:17  Combat Shield, Marine x2, Supply Depot  
  61  7:19  Marine x2  
  61  7:20  Marine  
  61  7:22  SCV x2  
  68  7:23  Refinery  
  68  7:24  Refinery  
  68  7:27  Supply Depot  
  68  7:29  Supply Depot  
  68  7:31  SCV  
  68  7:33  Medivac  
  68  7:35  Marine x2  
  73  7:37  Marine  
  73  7:41  Marine  
  73  7:43  Marine  
  76  7:44  Medivac  
  76  7:45  SCV x2  
  80  7:53  Marine x2  
  80  7:54  SCV, Supply Depot  
  80  7:55  Marine  
  84  7:58  Marine  
  84  8:00  Armory  
  84  8:04  SCV x2  
  84  8:08  Marine  
  84  8:10  Marine  
  84  8:11  SCV  
  87  8:13  Marine x2, Siege Tank  
  87  8:15  Barracks  
  87  8:17  Barracks  
  87  8:18  Marine  
  93  8:23  Bunker  
  93  8:24  Supply Depot  
  93  8:25  SCV  
  93  8:26  Marine  
  95  8:28  Marine  
  95  8:30  SCV x2  
  95  8:33  Supply Depot  
  98  8:38  Concussive Shells, Supply Depot, Marine x2  
  98  8:40  Marine  
  101  8:43  SCV  
  101  8:44  SCV  
  101  8:47  Siege Tank  
  106  8:50  Marine  
  106  8:54  Terran Infantry Weapons Level 2  
  107  8:58  Terran Infantry Armor Level 2  
  107  9:00  Marine  
  107  9:01  Marine  
  109  9:04  Marauder  
  111  9:10  Barracks Reactor x2  
  110  9:17  Orbital Command, Marine x2  
  110  9:20  SCV  
  113  9:25  Marauder  
  115  9:34  Marine x2  
  115  9:35  Marine  
  115  9:38  Marine  
  118  9:46  Marauder  
  118  9:47  Bunker  
  118  9:48  Siege Tank  
  118  9:50  Bunker  
  118  9:51  Bunker, Marine  
  118  9:52  Bunker, Marine x3  
  124  9:53  Marine  
  124  9:59  SCV  
  125  10:03  Marine x3  
  125  10:04  Medivac x2  
  132  10:09  Supply Depot, Marine  
  132  10:10  Supply Depot  
  132  10:11  Barracks  
  132  10:12  Barracks  
  133  10:24  Marine, Sensor Tower  
  133  10:25  Supply Depot, Marine  
  133  10:26  Marine  
  133  10:27  SCV  
  133  10:29  Marauder, Marine  
  133  10:30  SCV x2  
  133  10:32  Missile Turret  
  133  10:34  Missile Turret  
  138  10:39  Marine  
  138  10:40  Marine x2  
  141  10:44  Marine  
  141  10:45  Missile Turret  
  141  10:47  Marine x2  
  144  10:56  Siege Tank  
  147  10:57  Marauder  
  147  10:59  Barracks Tech Lab x2  
  147  11:02  Medivac x2  
  153  11:04  Marine x2  
  151  11:22  Marauder x2, Marine  
  151  11:23  Marauder, Marine x3  
  159  11:27  Command Center  
  159  11:28  Siege Tank  
  159  11:31  Terran Infantry Weapons Level 3  
  162  11:35  Terran Infantry Armor Level 3  
  162  11:38  Marine x2  
  164  11:40  Supply Depot  
  164  11:46  Supply Depot  
  164  11:47  Supply Depot  
  164  11:49  Supply Depot  
  164  11:57  Marine  
  165  12:02  Marine  
  166  12:10  Marauder x2, Marine x2  
  166  12:11  Marauder, Marine x3  
  166  12:12  Siege Tank  
  180  12:24  Marine x3  
  180  12:28  Medivac x2, Marine  
  188  12:30  Supply Depot  
  188  12:31  Terran Vehicle Weapons Level 1  
  188  12:32  Marauder x3  
  188  12:33  Barracks  
  193  12:37  Marine x3  
  196  13:19  Marine x2  
  197  13:33  Marine  
  194  13:36  Marine  
  194  13:37  Marine  
  192  13:46  Planetary Fortress  
  192  13:47  Missile Turret  
  192  13:49  Missile Turret  
  192  13:52  Missile Turret  
  177  14:17  Marauder, Marine x10  
  177  14:19  Barracks Tech Lab  
  177  14:21  SCV  
  187  14:26  Missile Turret  
  187  14:29  Missile Turret  
  184  14:35  Marine  
  184  14:40  Marine x2  
  186  14:50  Marine x2  
  186  14:56  Marine x2  
  186  14:57  Marine x2  
  186  14:58  SCV  
  175  15:08  Marine x5  
  175  15:10  SCV  
  175  15:11  Marine  
  181  15:18  Marine x3  
  180  15:27  Marauder x2, Marine x6  
  183  15:29  Marine  
  183  15:32  Command Center  
  183  15:35  Medivac x2, Siege Tank  
  185  15:36  Marine x3  
  183  15:44  Marine  
  183  15:45  Marine x5  
  183  15:47  Marine  
  183  15:48  Marauder x2, Barracks x2  
  172  15:54  Marine x3  
  134  16:02  Marine x6  
  140  16:04  Marine  
  140  16:07  Widow Mine  
  140  16:09  Medivac x2, Marine x2  
  149  16:11  Marine  
  149  16:12  Marine x2  
  134  16:20  Marine x5  
  134  16:21  Marauder  
  134  16:23  Marauder  
  134  16:24  Missile Turret  
  141  16:27  Marine x2  
  141  16:29  Marine x2  
  141  16:30  Siege Tank  
  148  16:32  Missile Turret  
  148  16:33  Factory  
  148  16:35  Refinery x2  
  148  16:36  SCV x2  
  148  16:39  Medivac x2  
  154  16:40  Marine x5  
  153  16:53  Marine x3  
  151  17:03  Marine x2  
  153  17:08  Marine x7  
  153  17:11  Marine x4  
  158  17:20  Marine  
  158  17:21  Marine  
  160  17:22  Factory Tech Lab  
  160  17:26  Marine x2  
  160  17:28  Marine  
  163  17:30  Marine  
  163  17:31  Marine x2  
Tags
 
Add a new tag
Caveats
  • Supply blocks, unpowered buildings, or Contaminate may cause inaccurate times.
  • Supply counts are checked every 10 seconds.